 Dungeon Crawl Stone Soup version 0.27.1 (webtiles) character file.

Game seed: 4531249106193506138

2641 Zardul the Grappler (level 9, -2/121 (126) HPs)
             Began as a Troll Berserker on Aug 30, 2021.
             Was a Priest of Trog.
             Slain by a wight (10 damage)
             ... on level 7 of the Dungeon.
             The game lasted 00:21:08 (6338 turns).

Zardul the Grappler (Troll Berserker)               Turns: 6338, Time: 00:21:09

HP:   -2/121 (126)  AC:  4    Str: 30    XL:     9   Next: 35%
MP:   8/8           EV: 13    Int:  3    God:    Trog [***...]
Gold: 189           SH:  0    Dex: 21    Spells: 8/8 levels left

rFire    x . .     SeeInvis .     - Unarmed
rCold    . . .     Faith    .   (no shield)
rNeg     + + .     Spirit   .   a - +0 animal skin
rPois    .         Reflect  .   z - +0 hat
rElec    .         Harm     .   (no cloak)
rCorr    .         Rampage  .   (gloves unavailable)
Will     ++...                  (boots unavailable)
Stlth    ..........             y - amulet "Urrer" {RegenMP rF- rN++ Will++}
HPRegen  1.30/turn              f - +6 ring of dexterity
MPRegen  0.36/turn              j - +6 ring of dexterity

@: berserking, lightly drained, very quick
A: large, unfitting armour, claws 3, regeneration 1, shaggy fur 1, tough skin 1
a: Renounce Religion, Berserk, Trog's Hand


You were on level 7 of the Dungeon.
You worshipped Trog.
Trog was most pleased with you.
You visited 1 branch of the dungeon, and saw 7 of its levels.
You also visited: Sewer.

You collected 294 gold pieces.
You spent 105 gold pieces at shops.

Inventory:

Missiles
 c - 132 stones
 d - 70 sling bullets
 e - 59 bolts
 k - 137 arrows
 l - 8 boomerangs (quivered)
 r - 20 poisoned darts
Armour
 a - a +0 animal skin (worn)
 z - a +0 hat (worn)
Jewellery
 f - a +6 ring of dexterity (left claw)
 j - a +6 ring of dexterity (right claw)
 v - an amulet of faith
 y - the amulet "Urrer" (around neck) {RegenMP rF- rN++ Will++}
   (You found it on level 5 of the Dungeon)

   [amulet of magic regeneration]

   It increases your rate of magic regeneration.
   rF:        It makes you vulnerable to fire.
   rN:        It greatly protects you from negative energy.
   Will:      It greatly increases your willpower.
Wands
 A - a wand of paralysis (1)
Scrolls
 b - a scroll of fog {unknown}
 g - a scroll of enchant weapon {unknown}
 h - 8 scrolls of identify {unknown}
 m - 2 scrolls of teleportation {unknown}
 n - 2 scrolls of vulnerability {unknown}
 o - 2 scrolls of silence {unknown}
 q - a scroll of enchant armour {unknown}
 s - a scroll of fear {unknown}
Potions
 i - a potion of heal wounds {unknown}
 p - a potion of attraction {unknown}
 t - a potion of mutation {unknown}
 u - 2 potions of curing {unknown}
 w - a potion of brilliance {unknown}
 x - a potion of haste


   Skills:
 + Level 4.2 Fighting
 + Level 1.8 Throwing
 + Level 4.9 Dodging
 + Level 3.0 Stealth
 + Level 9.9 Unarmed Combat


You had 8 spell levels left.
You didn't know any spells.
Your spell library contained the following spells:

 Spells                   Type           Power      Damage    Failure   Level
 Animate Skeleton         Necr           0%         N/A       52%         1
 Apportation              Tloc           0%         N/A       52%         1
 Corona                   Hex            0%         N/A       52%         1
 Summon Small Mammal      Summ           0%         N/A       52%         1


Dungeon Overview and Level Annotations

Branches:
Dungeon (7/15)             Temple (0/1) D:4           Sewer (visited)

Altars:
Hepliaklqana
Trog
Wu Jian
Zin

Shops:
D:2 *   D:6 *   D:7 [


Innate Abilities, Weirdness & Mutations

You are too large for most types of armour.
You have claws for hands.
Your natural rate of healing is unusually fast.
You are covered in fur. (AC +1)
You have tough skin. (AC +1)


Message History

You scratch the wight.
The wight is almost destroyed.
The wight closely misses you. The wight barely misses you.
The wight closely misses you.
You barely miss the wight.
The wight is almost destroyed.
The wight hits you with a +3 flail of freezing.
The wight freezes you.
* * * LOW HITPOINT WARNING * * *
The wight misses you. x2
A red film seems to cover your vision as you go berserk!
You feel yourself moving faster!
You feel mighty!
The wight hits you with a +3 flail of freezing!
* * * LOW HITPOINT WARNING * * *
The wight freezes you.
* * * LOW HITPOINT WARNING * * *
The wight barely misses you.
The wight hits you with a +0 short sword.
* * * LOW HITPOINT WARNING * * *
You partially resist.
You feel drained.
You claw the wight!
You destroy the wight!
Trog accepts your kill.
Your Stealth skill increases to level 3!
You mangle the wight!!
You destroy the wight!
Trog accepts your kill.
The wight hits you from afar with a +0 spear.
* * * LOW HITPOINT WARNING * * *
There is an open door here.
Items here: )) [[.
You closely miss the wight. The wight hits you with a +0 spear!
* * * LOW HITPOINT WARNING * * *
You partially resist.
You feel drained.
You claw the wight!
The wight is severely damaged.
You barely miss the wight.
The wight is severely damaged.
The wight hits you with a +0 spear!
You die...

#..... ############ #...#
#..........# #...#
#......)...###...#####
#..........).........+
#..........###...#####...
#..........###...........
#####'######..#+#)#######
####.## #..'∩@.# #.....#
#..#z### #.....# #....z#
##.....# #.......
.......# #.........
########
#####...###.....# ...#
#.....# ...###.....#
####.......#


You could see a wight.

Vanquished Creatures
  Joseph (D:7)
  Menkaure (D:4)
  3 water moccasins
  A hornet zombie (D:6)
  A necrophage (D:6)
  2 black bears
  An ogre (D:7)
  A centaur (D:7)
  A kobold brigand (Sewer)
  A bullfrog (D:6)
  A wyvern skeleton (D:6)
  A scorpion (D:5)
  8 wights
  A howler monkey (D:4)
  2 bullfrog zombies
  3 hounds
  2 orc priests (D:6)
  Terence (D:2)
  A centaur skeleton (D:4)
  A jelly (D:4)
  5 iguanas
  Jessica (D:2)
  An orc wizard (D:6)
  11 adders
  A gnoll (D:1)
  4 river rats
  An adder skeleton (D:4)
  4 worms
  3 dart slugs
  6 orcs
  2 bats
  8 endoplasms
  15 giant cockroaches
  9 goblins
  4 hobgoblins
  2 quokkas
  13 ball pythons
  2 frilled lizards (D:3)
  13 kobolds
  7 rats
146 creatures vanquished.

Notes
Turn   | Place    | Note
-------+----------+-------------------------------------------
     0 | D:1      | Zardul the Troll Berserker began the quest for the Orb.
     0 | D:1      | Reached XP level 1. HP: 22/22 MP: 0/0
   106 | D:1      | Reached XP level 2. HP: 29/29 MP: 1/1
   461 | D:1      | Reached XP level 3. HP: 33/36 MP: 2/2
   773 | D:2      | Reached ** piety under Trog
   799 | D:2      | Found a faded altar of an unknown god.
   806 | D:2      | Noticed Terence
   814 | D:2      | Killed Terence
   815 | D:2      | Reached skill level 4 in Unarmed Combat
   815 | D:2      | Reached XP level 4. HP: 42/44 MP: 3/3
   874 | D:2      | Noticed Jessica
   880 | D:2      | Killed Jessica
  1190 | D:2      | Found Luihi's General Store.
  1859 | D:3      | Reached XP level 5. HP: 51/52 MP: 4/4
  2120 | D:3      | Reached *** piety under Trog
  2122 | D:3      | Reached skill level 1 in Throwing
  2672 | D:4      | Found a staircase to the Ecumenical Temple.
  2731 | D:4      | Found a glowing drain.
  2742 | D:4      | Reached skill level 5 in Unarmed Combat
  2746 | Sewer    | Entered a sewer
  2978 | Sewer    | Reached XP level 6. HP: 59/61 MP: 5/5
  3139 | D:4      | Reached **** piety under Trog
  3240 | D:4      | Found an ornate altar of the Wu Jian Council.
  3240 | D:4      | Found a glowing silver altar of Zin.
  3263 | D:4      | Noticed Menkaure
  3269 | D:4      | Reached skill level 1 in Stealth
  3273 | D:4      | Killed Menkaure
  3274 | D:4      | Reached skill level 6 in Unarmed Combat
  3274 | D:4      | Reached XP level 7. HP: 22/67 MP: 6/6
  4118 | D:5      | Entered Level 5 of the Dungeon
  4252 | D:5      | Found a bloodstained altar of Trog.
  4703 | D:5      | Reached skill level 7 in Unarmed Combat
  4734 | D:5      | Identified the amulet "Urrer" {RegenMP rF- rN++ Will++}
  5129 | D:6      | Found Zynogryp's Assorted Antiques.
  5136 | D:6      | Bought a scroll labelled GUPSIBATUT for 19 gold pieces
  5136 | D:6      | Bought a hat for 76 gold pieces
  5250 | D:6      | Reached XP level 8. HP: 75/75 MP: 7/7
  5306 | D:6      | Reached skill level 8 in Unarmed Combat
  5537 | D:6      | Found a hazy altar of Hepliaklqana.
  5634 | D:6      | Reached skill level 9 in Unarmed Combat
  5991 | D:7      | Reached XP level 9. HP: 27/84 MP: 8/8
  6202 | D:7      | Noticed Joseph
  6223 | D:7      | Killed Joseph
  6287 | D:7      | Found Hoav's Armour Boutique.
  6290 | D:7      | Bought a +0 robe for 10 gold pieces
  6338 | D:7      | Slain by a wight

Illustrated notes

Levels and vault maps discovered:
D:1:      dpeg_arrival_tiny_i, layout_loops_ring, st_stairs_12
D:2:      layout_basic, serial_shops, nicolae_shop_crystal,
          chequers_ecumenical_altar_twisty, uniq_terence, uniq_jessica
D:3:      minmay_roachtagon, layout_basic
D:4:      layout_basic, gammafunk_temple_overflow_wave,
          minmay_temple_entry_sparse_star, portal_sewer_entry_a,
          minmay_tree_intersection, minmay_parallelograms, uniq_menkaure
D:5:      layout_layer_cave, mainiacjoe_overflow_cross_hatched
D:6:      layout_loops_ring, mainiacjoe_overflow_concentric_impassable,
          serial_shops, nicolae_shop_overgrown_old_shop, minmay_misc_feat_x
D:7:      layout_basic, general_overflow_altar, serial_shops,
          nicolae_shop_behind_doors, hangedman_abyss_or_decor_stabs,
          st_stairs_10, uniq_joseph

Skill      XL: |  1  2  3  4  5  6  7  8  9 |
---------------+----------------------------+-----
Unarmed Combat | 4 5 6 7 9 |  9.9
Dodging        | 3 4 |  4.9
Throwing       | 1 |  1.8
Fighting       | 3 4 |  4.2
Stealth        | 1 2 3 |  3.0

Action                   |  1- 3 |  4- 6 |  7- 9 || total
-------------------------+-------+-------+-------++-------
Melee: Unarmed           |    66 |   164 |   149 ||   379
       Punch             |       |     3 |    10 ||    13
Throw: Stone             |    10 |     4 |     3 ||    17
       Boomerang         |       |       |     9 ||     9
Invok: Berserk           |       |       |     1 ||     1
 Stab: Sleeping          |     1 |     8 |     4 ||    13
       Distracted        |       |     2 |       ||     2
Armor: Animal skin       |    14 |    41 |    13 ||    68
Dodge: Dodged            |    24 |   100 |    71 ||   195
